 Dungeon Crawl Stone Soup version 0.31-a0-662-g684573625c (webtiles) character file.

Game seed: 11134395158684196847

171568 rjrrt the Severer (level 17, -6/226 (234) HPs)
             Began as a White Draconian Berserker on Sept 1, 2023.
             Was a High Priest of Trog.
             Killed by a resonance strike
             ... invoked by a ragged hierophant
              (14 damage)
             ... in the Desolation of Salt.
             The game lasted 01:27:45 (29941 turns).

rjrrt the Severer (White Draconian Berserker)      Turns: 29941, Time: 01:27:46

HP:   -6/226 (234)  AC: 21    Str: 28    XL:     17   Next: 14%
MP:   17/17         EV: 19    Int:  7    God:    Trog [*****.]
Gold: 1767          SH: 24    Dex: 17    Spells: 16/16 levels left

rFire   . . .        a - +0 broad axe (vamp)
rCold   + + .        q - +0 tower shield
rNeg    . . .        (body armour unavailable)
rPois   .            F - +2 hat
rElec   .            V - +0 cloak
rCorr   .            h - +2 pair of gloves
SInv    +            f - +1 pair of boots
Will    +....        v - amulet of Jiun {Reflect rC+ Slay+5 SH+5 SInv Stlth+} Stlth
                     i - ring of Vasuat {Drain Fly Dex+6 Stlth+}
HPRegen 0.57/turn    d - +4 ring of protection
MPRegen 0.15/turn

%: reflection
@: mighty, berserking, lethally poisoned (-6 -> -11), flying, lightly drained,
very quick
A: breathe frost, AC +9, unfitting armour, cold resistance 1, cold-blooded
}: 1/15 runes: decaying
a: Breathe Frost, Renounce Religion, Berserk, Trog's Hand, Brothers in Arms


You were in the Desolation of Salt.
You worshipped Trog.
Trog was extremely pleased with you.
You visited 5 branches of the dungeon, and saw 30 of its levels.
You also visited: Gauntlet and Desolation.

You collected 2112 gold pieces.
You spent 345 gold pieces at shops.

Inventory:

Hand Weapons
 a - a +0 vampiric broad axe (weapon)
 b - the +8 whip "Snakebite" {venom, curare, rPois}
   (You found it on level 3 of the Lair of Beasts)

   rPois:     It protects you from poison
 c - a +2 trident of draining
 I - a +1 spectral broad axe
Missiles
 w - 14 boomerangs (quivered)
 H - 11 javelins
 L - 3 throwing nets
Armour
 f - a +1 pair of boots (worn)
 h - a +2 pair of gloves (worn)
 q - a +0 tower shield (worn)
 F - a +2 hat (worn)
 V - a +0 cloak (worn)
Jewellery
 d - a +4 ring of protection (right hand)
 i - the ring of Vasuat (left hand) {Drain Fly Dex+6 Stlth+}
   (You found it in a Gauntlet)

   [ring of flight]

   Dex+6:     It affects your dexterity (+6).
   Fly:       It grants you flight.
   Drain:     It drains your maximum health when unequipped.
   Stlth+:    It makes you more stealthy.
 u - a +5 ring of evasion
 v - the amulet of Jiun (around neck) {Reflect rC+ Slay+5 SH+5 SInv Stlth+}
   (You found it in a Gauntlet)

   [amulet of reflection]

   Reflect:   It reflects blocked missile attacks.
   Slay+5:    It affects your accuracy & damage with ranged weapons and melee
   (+5).
   rC+:       It protects you from cold.
   SInv:      It lets you see invisible.
   SH+5:      It affects your SH (+5).
   Stlth+:    It makes you more stealthy.
 C - a ring of protection from fire
 O - a ring of poison resistance
Wands
 e - a wand of roots (32)
 p - a wand of polymorph (4)
 y - a wand of digging (4)
 z - a wand of paralysis (7)
 M - a wand of quicksilver (10)
 P - a wand of mindburst (12)
 Q - a wand of flame (27)
Scrolls
 l - 6 scrolls of fear
 s - 12 scrolls of teleportation
 t - 2 scrolls of immolation
 A - 4 scrolls of poison
 B - a scroll of blinking
 D - a scroll of revelation
 E - 2 scrolls of butterflies
 G - 5 scrolls of fog
 R - 9 scrolls of identify
 T - a scroll of silence
Potions
 g - 5 potions of lignification
 j - 6 potions of enlightenment
 k - a potion of resistance
 m - 2 potions of heal wounds
 n - 8 potions of curing
 o - 4 potions of mutation
 r - 4 potions of might
 x - 4 potions of ambrosia
 J - 3 potions of magic
 K - 2 potions of cancellation
 N - 2 potions of attraction
 S - 2 potions of invisibility


   Skills:
 + Level 15.6 Fighting
 - Level 20.0 Axes
 + Level 13.2 Dodging
 + Level 13.9 Shields
 + Level 5.8 Evocations


You had 16 spell levels left.
You didn't know any spells.
Your spell library was empty.

Dungeon Overview and Level Annotations

Branches:
Dungeon (15/15)            Temple (0/1) D:6            Lair (5/5) D:9
  Swamp (4/4) Lair:3       Spider (0/4) Lair:3        Slime (0/5) Lair:5
    Orc (2/2) D:11         Vaults (4/5) D:14          Crypt (0/3) Vaults:3
 Depths (0/4) D:15        Desolation (1/1)          Gauntlet (visited)
    Elf: Orc:2

Altars:
Dithmenos
Elyvilon
Fedhas
Gozag
Nemelex Xobeh
Okawaru
Yredelemnul
Zin
Jiyva

Shops:
D:6 [   D:7 [   D:8 ?::

Annotations:
D:9 3 runed translucent doors, GoodGuyCap's ghost, novice OpSh; freelancePsychic's ghost, novice AtCj
D:14 Roxanne
Lair:5 exclusion: obsidian statue
Swamp:4 exclusion: oklob plant
Orc:2 Rupert


Innate Abilities, Weirdness & Mutations

You can breathe waves of freezing cold which knock back foes.
Your icy white scales are hard. (AC +9)
You cannot fit into any form of body armour.
Your flesh is cold resistant. (rC+)
You are cold-blooded and may be slowed by cold attacks.


Message History

You slice the saltling!! You slice the halazid warlock!!
You barely miss the ragged hierophant. You slice the saltling!!
You feel the power of Trog in you as your rage grows.
You destroy the saltling!
The saltling dissolves into shadows!
You slash the halazid warlock! You slash the saltling!
You feel sick.
The ragged hierophant hits you but does no damage.
The halazid warlock casts a spell at the saltling.
The saltling's animating energy erupts into ghostly fire!
The ghostly flame explodes!
The ghostly fireball engulfs you!!
You feel drained.
* * * LOW HITPOINT WARNING * * *
The ghostly fireball engulfs the saltling.
The saltling completely resists.
The halazid warlock gestures wildly while chanting.
The ragged hierophant gestures wildly while chanting.
The ragged hierophant begins to accept its allies' injuries.
Unknown command.
You slash the ragged hierophant!
You feel better.
The ragged hierophant is severely wounded.
You slash the halazid warlock! You hit the saltling.
You hit the halazid warlock but do no damage.
You slice the ragged hierophant!!
You kill the ragged hierophant!
Trog accepts your kill.
Trog appreciates your killing of a magic user.
You feel sick. You block the saltling's attack.
You slash the guardian serpent!
The guardian serpent is lightly wounded.
You hit the halazid warlock. You hit the saltling but do no damage.
You closely miss the halazid warlock. You slash the ragged hierophant!
You feel sick.
You block the guardian serpent's attack.
The halazid warlock gestures at you while chanting.
The bolt of cold hits you! You resist.
* * * LOW HITPOINT WARNING * * *
You block the halazid warlock's attack.
The ragged hierophant casts a spell at you.
A blast of power from the earth and the saltling strikes you!
You die...

§...... .....##
..§§.....#.....##
..§............##
...............##
.........§§....##
.9.......§§§...##
.......§L§L§§..##
......§9a@9§§..##
......§9S§§§§..##
.S....S§§§§§§..##
......§§§..§§..##
#9........§....##
#.§............##
..§............##
...............##
....#..........


You could see a ragged hierophant (strong, sheltered), 2 halazid warlocks, a
guardian serpent (summoned) and 3 saltlings.

Vanquished Creatures
  A thorn hunter (Swamp:4)
  Agnes (D:14)
  3 vault wardens
  2 ironbound preservers
  2 hydra zombies (Swamp:4)
  2 ironbound thunderhulks (Vaults:3)
  The ghost of themarg the Warmonger, a journeyman TrFi of Okawaru (Lair:3)
  An eleionoma (Swamp:3)
  2 dire elephants (Lair:5)
  6 bunyips
  2 vampire knights (Swamp:4)
  A minotaur (Gauntlet)
  A shambling mangrove (Swamp:4)
  3 servants of whispers (Desolation)
  Erolcha (D:10)
  10 hydras
  3 ragged hierophants (Desolation)
  A yaktaur captain (Vaults:1)
  An ogre mage (D:14)
  A peacekeeper (Vaults:2)
  2 ice dragons (D:15)
  A catoblepas (Lair:1)
  4 centaur warriors
  4 ironbound frosthearts
  A ghost crab (Swamp:2)
  3 alligators
  3 two-headed ogres
  5 boulder beetles
  A sphinx skeleton (Vaults:4)
  A tengu warrior (D:12)
  15 death yaks
  A skyshark (Lair:2)
  A spectral anaconda (Lair:5)
  A goliath frog (Swamp:1)
  4 skeletal warriors (D:14)
  3 spriggan druids
  5 deep trolls (Vaults:1)
  A bog body (Swamp:4)
  A storm dragon skeleton (Vaults:4)
  7 swamp dragons
  A flayed ghost (Swamp:4)
  3 ironbound convokers
  A lindwurm (Lair:3)
  2 spectral hydras (Swamp:4)
  A deep elf pyromancer (D:15)
  An orc knight (Orc:1)
  A wolf spider zombie (D:13)
  2 phantasmal warriors (Swamp:4)
  A harpy (Vaults:1)
  5 necromancers
  A sphinx simulacrum (Vaults:4)
  3 cyclopes
  4 ugly things
  3 manticores
  A moth of wrath (shapeshifter) (D:13)
  An orc sorcerer (Orc:1)
  3 will-o-the-wisps
  23 elephants
  A dire elephant zombie (Lair:5)
  A moth of wrath (Swamp:3)
  A human skeleton (Vaults:4)
  8 black mambas
  8 centaur zombies (D:13)
  A gargoyle (D:13)
  13 cane toads
  A guardian serpent (Desolation)
  2 vault sentinels (Vaults:1)
  Jeremiah (D:9)
  2 kobold demonologists (D:10)
  2 efreet
  Maggie (D:8)
  13 komodo dragons
  2 yaktaurs (Vaults:1)
  A redback zombie (D:13)
  2 freezing wraiths (Swamp:4)
  A yaktaur skeleton (Vaults:4)
  A tengu conjurer (D:12)
  3 meliai (D:14)
  A queen bee (D:14)
  6 trolls
  A bloated husk (Swamp:2)
  9 hornets
  Grinder (D:4)
  2 hydra skeletons (Swamp:4)
  7 tyrant leeches
  2 polar bears (Lair:5)
  A death drake skeleton (Swamp:4)
  11 saltlings (Desolation)
  7 dream sheep (Lair:4)
  26 blink frogs
  2 meliai zombies (D:13)
  A centaur simulacrum (D:14)
  13 slime creatures
  A shadow (D:10)
  A dire elephant simulacrum (Lair:5)
  A vampire (D:10)
  10 spriggans
  3 wraiths
  5 wyverns
  54 yaks
  3 water elementals (D:13)
  5 basilisks
  2 steam dragons
  A fire elemental (Gauntlet)
  4 redbacks (Lair:3)
  2 death yak simulacra (Lair:5)
  10 vampire mosquitoes
  16 swamp worms
  3 spectral cane toads (Lair:5)
  An acid dragon (D:12)
  4 hydra simulacra (Swamp:4)
  24 water moccasins
  2 hell hounds (Gauntlet)
  A floating eye (shapeshifter) (D:14)
  7 swamp drakes
  2 sky beasts
  5 orc warriors
  2 ice beasts (D:5)
  4 black bears
  3 ogres
  2 elephant zombies (Lair:5)
  19 wolves
  A swamp dragon skeleton (Swamp:4)
  8 centaurs
  A swamp dragon zombie (Swamp:4)
  2 elephant skeletons (Lair:5)
  3 phantoms
  Blork the orc (D:4)
  5 kobold brigands
  13 bullfrogs
  3 gnoll sergeants
  3 scorpions
  A cane toad simulacrum (Lair:5)
  8 wights
  17 killer bees
  7 electric eels
  4 howler monkeys
  5 orc priests
  5 hounds
  8 jellies
  Terence (D:2)
  Jessica (D:3)
  A sleepcap (D:5)
  3 iguanas
  13 orc wizards
  A boggart zombie (D:13)
  16 gnolls
  6 adders
  An ufetubus (D:6)
  A worm (D:3)
  4 dart slugs
  39 orcs
  5 ball pythons
  8 endoplasms
  2 giant cockroaches
  4 goblins
  11 hobgoblins
  4 jackals (D:3)
  A quokka (D:9)
  5 bats
  2 frilled lizards
  30 kobolds
  9 rats
781 creatures vanquished.

Vanquished Creatures (collateral kills)
  Donald (Vaults:1)
  A bunyip (Swamp:2)
  The ghost of elongatedgoose the Spry, a journeyman SpBr of Wu Jian (Lair:4)
  2 yaktaur captains (Vaults:1)
  A hydra (Lair:5)
  An ironbound frostheart (Vaults:1)
  A goliath frog (Swamp:2)
  An ironbound convoker (Vaults:1)
  A polar bear (Lair:5)
  A tyrant leech (Swamp:2)
11 creatures vanquished.

Vanquished Creatures (others)
  A bloated husk (Swamp:4)
  An orc (D:8)
  12 foxfires
  A spectral weapon (Swamp:2)
15 creatures vanquished.

Grand Total: 807 creatures vanquished

Notes
Turn   | Place    | Note
-------+----------+-------------------------------------------
     0 | D:1      | rjrrt the Draconian Berserker began the quest for the Orb.
     0 | D:1      | Reached XP level 1. HP: 19/19 MP: 1/1
   286 | D:1      | Reached XP level 2. HP: 6/26 MP: 2/2
   676 | D:1      | Reached skill level 4 in Axes
  1054 | D:2      | Reached XP level 3. HP: 29/31 MP: 1/3
  1124 | D:2      | Noticed Terence
  1131 | D:2      | Killed Terence
  1197 | D:2      | Reached skill level 5 in Axes
  1197 | D:2      | Reached XP level 4. HP: 35/38 MP: 2/4
  1394 | D:2      | Reached ** piety under Trog
  1897 | D:3      | Noticed Jessica
  1905 | D:3      | Killed Jessica
  2204 | D:3      | Reached XP level 5. HP: 45/45 MP: 5/5
  2310 | D:3      | Noticed a phantom
  2336 | D:3      | Killed a phantom
  2337 | D:3      | Reached skill level 6 in Axes
  2629 | D:4      | Noticed Grinder
  2654 | D:4      | Noticed Blork the orc
  2671 | D:4      | Killed Blork the orc
  2672 | D:4      | Reached skill level 7 in Axes
  2672 | D:4      | Reached XP level 6. HP: 51/51 MP: 6/6
  2751 | D:4      | Paralysed by Grinder for 4 turns
  2763 | D:4      | Paralysed by Grinder for 4 turns
  2769 | D:4      | Killed Grinder
  2770 | D:4      | Reached skill level 8 in Axes
  2770 | D:4      | Your scales start taking on an icy white colour.
  2770 | D:4      | Reached XP level 7. HP: 33/57 MP: 4/7
  2770 | D:4      | Gained mutation: Your flesh is cold resistant. (rC+) [White
                  | Draconian growth]
  3520 | D:5      | Entered Level 5 of the Dungeon
  3532 | D:5      | Reached skill level 9 in Axes
  4063 | D:5      | Reached XP level 8. HP: 63/63 MP: 8/8
  4124 | D:5      | Reached skill level 10 in Axes
  4380 | D:6      | Found a staircase to the Ecumenical Temple.
  4843 | D:6      | Reached skill level 11 in Axes
  5182 | D:6      | Found Lehyomp's Antique Armour Shop.
  5191 | D:6      | Bought a pair of boots for 117 gold pieces
  5258 | D:6      | Reached skill level 12 in Axes
  5510 | D:7      | Reached XP level 9. HP: 70/70 MP: 9/9
  5909 | D:7      | Reached *** piety under Trog
  6132 | D:7      | Found Rostam's Dragon-Slaying Spoils.
  6205 | D:7      | Reached skill level 1 in Shields
  6288 | D:7      | Found a white marble altar of Elyvilon.
  6630 | D:8      | Found Obrudoh's Book Shoppe.
  6815 | D:8      | Noticed Maggie
  6822 | D:8      | Killed Maggie
  6855 | D:8      | You fall into a shaft and drop 3 floors!
  6862 | D:11     | Reached skill level 13 in Axes
  6992 | D:10     | Entered Level 10 of the Dungeon
  7097 | D:9      | Reached XP level 10. HP: 80/80 MP: 10/10
  7159 | D:9      | Reached skill level 5 in Fighting
  7324 | D:8      | Reached **** piety under Trog
  7371 | D:8      | Found Xaoremob's Magic Scroll Boutique.
  7380 | D:8      | Bought a scroll of revelation for 90 gold pieces
  7380 | D:8      | Bought a scroll of butterflies for 48 gold pieces
  7380 | D:8      | Bought a scroll of blinking for 90 gold pieces
  7405 | D:8      | Found Gaolebit's Book Emporium.
  8015 | D:9      | Noticed a death yak
  8017 | D:9      | Noticed a death yak
  8019 | D:9      | Noticed a death yak
  8130 | D:9      | Reached skill level 14 in Axes
  8269 | D:9      | Noticed Jeremiah
  8287 | D:9      | Killed Jeremiah
  8288 | D:9      | Reached skill level 5 in Dodging
  8460 | D:9      | Found a glowing silver altar of Zin.
  8460 | D:9      | Found a shadowy altar of Dithmenos.
  8480 | D:9      | Found a staircase to the Lair.
  8489 | Lair:1   | Entered Level 1 of the Lair of Beasts
  8862 | Lair:1   | Reached skill level 5 in Shields
  8980 | Lair:1   | Noticed an elephant
  8984 | Lair:1   | Noticed an elephant
  9000 | Lair:1   | Reached XP level 11. HP: 91/91 MP: 11/11
  9342 | Lair:1   | Noticed a catoblepas
  9369 | Lair:1   | Killed a catoblepas
  9627 | Lair:1   | Reached skill level 15 in Axes
 10038 | Lair:2   | Noticed a catoblepas
 10048 | Lair:2   | Noticed a skyshark
 10055 | Lair:2   | Killed a skyshark
 10055 | Lair:2   | Noticed a four-headed hydra
 10637 | Lair:2   | Noticed a seven-headed hydra
 10656 | Lair:2   | Killed a seven-headed hydra
 10874 | Lair:2   | Killed a four-headed hydra
 10939 | Lair:2   | Reached XP level 12. HP: 78/103 MP: 9/12
 11455 | Lair:3   | Reached skill level 16 in Axes
 11611 | Lair:3   | Found a hole to the Spider Nest.
 11862 | Lair:3   | Reached ***** piety under Trog
 11936 | Lair:3   | Found a staircase to the Swamp.
 12046 | Lair:3   | Reached skill level 1 in Evocations
 12238 | Lair:3   | Found the +8 whip "Snakebite" {venom, curare, rPois}
 12312 | Lair:3   | Found a runed translucent door.
 12632 | Lair:3   | Identified the +5 quarterstaff "Quac" {flame, rF+ rCorr}
 12750 | Lair:3   | Noticed themarg's ghost (journeyman TrFi)
 12786 | Lair:3   | Killed themarg's ghost
 13053 | Lair:4   | Found a runed translucent gate.
 13053 | Lair:4   | Found a runed translucent gate.
 13053 | Lair:4   | Found a runed translucent gate.
 13084 | Lair:4   | Reached XP level 13. HP: 77/112 MP: 13/13
 13251 | Lair:4   | Noticed elongatedgoose's ghost (journeyman SpBr)
 13296 | Lair:4   | Killed elongatedgoose's ghost
 13676 | Lair:4   | Received a gift from Trog
 13685 | Lair:4   | Reached skill level 17 in Axes
 13779 | Lair:4   | Reached skill level 10 in Fighting
 13964 | Lair:5   | Entered Level 5 of the Lair of Beasts
 14209 | Lair:5   | Found a staircase to the Slime Pits.
 14209 | Lair:5   | Found a viscous altar of Jiyva.
 14298 | Lair:5   | Found a gate leading to a gauntlet.
 14411 | Gauntlet | Entered a Gauntlet
 14411 | Gauntlet | Found a transporter.
 14437 | Gauntlet | Found a transporter.
 14443 | Gauntlet | Found a transporter.
 14443 | Gauntlet | Found a transporter.
 14444 | Gauntlet | Found a transporter.
 14444 | Gauntlet | Found a transporter.
 14450 | Gauntlet | Found a runed translucent door.
 14450 | Gauntlet | Noticed a quicksilver ooze
 14461 | Gauntlet | Found a transporter.
 14462 | Gauntlet | Found a transporter.
 14469 | Gauntlet | Found a runed translucent door.
 14485 | Gauntlet | Found a transporter.
 14504 | Gauntlet | Found a transporter.
 14508 | Gauntlet | Found a transporter.
 14519 | Gauntlet | Found a transporter.
 14659 | Gauntlet | Identified the amulet of Jiun {Reflect rC+ Slay+5 SH+5 SInv
                  | Stlth+}
 14739 | Gauntlet | Identified the ring of Vasuat {Drain Fly Dex+6 Stlth+}
 14789 | Gauntlet | Noticed a minotaur
 14798 | Gauntlet | Killed a minotaur
 14806 | Gauntlet | Identified the staff of Causality {rPois rC+ rN+ rCorr
                  | Poison}
 14965 | Lair:5   | Reached XP level 14. HP: 109/124 MP: 14/14
 14982 | Lair:5   | Reached skill level 18 in Axes
 16029 | Lair:5   | Reached skill level 10 in Shields
 16546 | Lair:5   | Reached skill level 10 in Dodging
 17209 | D:9      | Found a runed translucent gate.
 17212 | D:9      | Found a runed translucent gate.
 17212 | D:9      | Found a runed translucent gate.
 17213 | D:9      | Noticed freelancePsychic's ghost (novice AtCj)
 17213 | D:9      | Noticed GoodGuyCap's ghost (novice OpSh)
 17506 | D:10     | Found a sparkling altar of Nemelex Xobeh.
 17558 | D:10     | Noticed Erolcha
 17571 | D:10     | Killed Erolcha
 17571 | D:10     | Received a gift from Trog
 18157 | D:11     | Found a staircase to the Orcish Mines.
 18551 | D:11     | Reached skill level 19 in Axes
 19462 | D:13     | Reached XP level 15. HP: 108/133 MP: 15/15
 19901 | D:13     | Found the amulet of Vitality {RegenMP++ Regen++}
 19983 | D:13     | Found a basalt altar of Yredelemnul.
 20559 | Orc:1    | Entered Level 1 of the Orcish Mines
 20692 | Orc:1    | Paralysed by an orc sorcerer for 5 turns
 21017 | Orc:2    | Entered Level 2 of the Orcish Mines
 21073 | Orc:2    | Noticed Rupert
 21175 | D:14     | Found an iron altar of Okawaru.
 21206 | D:14     | Noticed Agnes
 21230 | D:14     | Killed Agnes
 21235 | D:14     | HP: 6/134 [centaur warrior/arrow (14)]
 22063 | D:14     | Noticed Roxanne
 22125 | D:14     | Received a gift from Trog
 22181 | D:14     | Found a gate to the Vaults.
 22834 | D:15     | Entered Level 15 of the Dungeon
 23097 | D:15     | Reached skill level 20 in Axes
 23190 | D:15     | Found an opulent altar of Gozag.
 23445 | D:15     | Found a staircase to the Depths.
 23720 | Swamp:1  | Entered Level 1 of the Swamp
 24216 | Swamp:2  | Received a gift from Trog
 24903 | Swamp:1  | Reached XP level 16. HP: 130/145 MP: 16/16
 25246 | Swamp:3  | Identified the staff of Ash {rPois rF- rCorr Str+6 Poison}
 25432 | Swamp:4  | Entered Level 4 of the Swamp
 26700 | Swamp:4  | Paralysed by a vampire knight for 5 turns
 27100 | Swamp:4  | Paralysed by a vampire knight for 4 turns
 27120 | Swamp:4  | Received a gift from Trog
 27359 | Swamp:4  | Found a basalt altar of Yredelemnul.
 27375 | Swamp:4  | Got a decaying rune of Zot
 27396 | Swamp:4  | Noticed a thorn hunter
 27397 | Swamp:4  | Found a blossoming altar of Fedhas.
 27426 | Swamp:4  | Killed a thorn hunter
 27966 | Vaults:1 | Entered Level 1 of the Vaults
 28015 | Vaults:1 | Reached skill level 15 in Fighting
 28606 | Vaults:1 | Noticed Donald
 28630 | Vaults:1 | Killed Donald
 29675 | Vaults:2 | You are sucked into a shaft and drop 2 floors!
 29678 | Vaults:4 | Noticed a tengu reaver
 29694 | Vaults:4 | Reached skill level 5 in Evocations
 29851 | Vaults:3 | Reached XP level 17. HP: 156/156 MP: 17/17
 29893 | Vaults:3 | Found a crumbling gateway.
 29897 | Desolati | Entered the Desolation of Salt
 29941 | Desolati | HP: 8/226 [halazid warlock/bolt of cold (15)]
 29941 | Desolati | Killed from afar by a ragged hierophant

Illustrated notes

Levels and vault maps discovered:
D:1:      dpeg_arrival_rooms_c, layout_basic, bh_walls_and_bars
D:2:      layout_loops_cross, uniq_terence
D:3:      layout_loops_ring, dreamdust_princess_bridge, grunt_decor_cap,
          uniq_jessica
D:4:      layout_rooms, chequers_big_river, uniq_grinder, uniq_blork_the_orc
D:5:      corexii_shack_village, layout_basic, minmay_misc_feat_cross,
          minmay_misc_feat_nine_boxes
D:6:      layout_loops_ring, minmay_temple_entry_trees, kennysheep_small_circle
D:7:      layout_gridville, mainiacjoe_overflow_small_starburst,
          nicolae_shop_dragon_depot, minivault_1
D:8:      layout_basic, serial_shops, nicolae_book_shop_shelving, shop,
          nicolae_shop_pleasant_corner_grove, uniq_maggie
D:9:      layout_cave_pods, nicolae_overflow_two_pavilions, dpeg_lair_monsters,
          gammafunk_ghost_cemetery, uniq_jeremiah
D:10:     layout_roguey, nemelex_spade_bored_becter, uniq_erolcha
D:11:     layout_layer_cave, minmay_orc_entry_temple_small
D:12:     layout_rooms
D:13:     layout_basic, hangedman_abyss_or_decor_stagger,
          nicolae_yredelemnul_corpse_copse
D:14:     layout_basic, david_vaults_2, okawaru_trees_1,
          nicolae_looking_at_the_future, uniq_agnes, uniq_roxanne
D:15:     grunt_enter_depths_hoard, layout_cave_pools, grunt_gozag_breadcrumbs
Lair:1:   layout_long_grid, serial_forest, infiniplex_forest_join,
          infiniplex_forest_lined_room_2, infiniplex_forest_lined_corner,
          infiniplex_forest_straight_3, infiniplex_forest_corner_1,
          infiniplex_forest_clump_medium, grunt_forest_large_clearings
Lair:2:   layout_long_grid, nicolae_lair_grazing_beasts
          [nicolae_sub_lair_graze_edge, nicolae_sub_lair_graze_edge,
          nicolae_sub_lair_graze_edge, nicolae_sub_lair_graze_edge]
Lair:3:   minmay_guarded_unrand_snakebite, layout_gridlike,
          minmay_swamp_entry_worms, spider_nest_entry_webs,
          ebering_ghost_reflecting_pool, serial_bayou_crossing,
          infiniplex_staircase_pool_2
Lair:4:   layout_cave_pods, ebering_ghost_rock_garden,
          chequers_serial_rivers_marsh
Lair:5:   due_jungle_book, layout_gridlike, minmay_slime_entry_pillars,
          gauntlet_entry_generic, chequers_serial_rivers_micro_a,
          serial_bayou_shore_a
Swamp:1:  layout_basic_swamp, hangedman_swamp_ruin_wall
Swamp:2:  layout_basic_swamp, nicolae_swamp_godswood, swamp_pool2,
          hangedman_swamp_wriggling
Swamp:3:  layout_basic_swamp, evilmike_swamp_ruin_rubble_2, swamp_pool4,
          worms_lemuel
Swamp:4:  byrel_swamp_growth_death_and_undeath, layout_basic_swamp,
          ebering_ghost_rock_garden, uniq_mara
Orc:1:    layout_caves
Orc:2:    st_orc_ogre_mass, layout_caves, basic_altar, serial_shops, shop,
          uniq_rupert, uniq_saint_roka, uniq_sonja
Vaults:1: v_misc_25, v_rooms_4, nicolae_vaults_surprise_closet,
          nicolae_vaults_security_offices_5,
          nicolae_vaults_trapezoid_lopsided_3, nicolae_vaults_frosty_reception,
          layout_vaults_omnigrid, uniq_donald
Vaults:2: vaults_dpeg_doors, nicolae_vaults_yaktaur_gun_rack,
          vaults_room_large_hall, v_misc_33, nicolae_vaults_stairing_the_circle,
          v_misc_22, nicolae_vaults_shipping_containers_4,
          nicolae_vaults_turnstiles, nicolae_vaults_tetromino_L_2,
          vaults_room_hallway, v_misc_9, nicolae_vaults_house_1,
          layout_vaults_chaotic_city, serial_shops, statue_bzr
Vaults:3: portal_desolation_entry_nicolae_forbidding_blocks, v_misc_18,
          nicolae_vaults_offset_grid_hallway_4, minmay_crypt_entry_necro_gods,
          nicolae_vaults_what_the_h, vaults_room_glass_cross,
          nicolae_vaults_offset_grid_hallway_4, nicolae_vaults_surprise_closet,
          nicolae_vaults_closet_pinwheel_5, v_misc_23,
          nicolae_vaults_mini_display_case, nicolae_vaults_house_2,
          hangedman_vaults_slither, layout_vaults_maze_snakey
Vaults:4: v_misc_5, ontoclasm_vaults_fault, v_pattern_3,
          nicolae_vaults_spaceships, nicolae_vaults_offset_grid_hallway_1,
          vaults_room_door_hall, v_misc_10, st_lines, vaults_room_grid,
          nicolae_vaults_network_square, nicolae_vaults_tangram_2,
          ontoclasm_vaults_shuriken, nicolae_vaults_house_1,
          ontoclasm_vaults_claustrophobia, layout_vaults_big_cross
Desolation

Skill      XL: |  1  2  3  4  5  6  7  8  9 10 11 12 13 14 15 16 |
---------------+-------------------------------------------------+-----
Axes           | 4 5 7 8 9 12 13 14 15 16 17 19 20 | 20.0
Shields        | 3 5 6 8 9 10 12 13 | 13.9
Dodging        | 4 5 6 8 9 10 11 13 | 13.2
Fighting       | 4 6 8 9 11 12 13 15 | 15.6
Evocations     | 2 4 5 |  5.8

Action                     |  1- 3 |  4- 6 |  7- 9 | 10-12 | 13-15 | 16-18 || total
---------------------------+-------+-------+-------+-------+-------+-------++-------
  Melee: Hand axe          |   102 |   121 |    93 |       |       |       ||   316
         Tailslap          |     9 |    15 |    58 |    92 |   366 |   150 ||   690
         Punch             |     1 |       |     7 |     6 |       |       ||    14
         Whip              |       |       |   230 |   120 |  1555 |   439 ||  2344
         War axe           |       |       |    64 |   362 |    31 |       ||   457
         Trident           |       |       |       |    21 |       |       ||    21
         Broad axe         |       |       |       |       |    18 |   134 ||   152
  Throw: Boomerang         |       |       |     1 |     2 |     2 |     7 ||    12
 Invoke: Berserk           |     2 |     4 |     7 |     8 |     9 |     5 ||    35
         Brothers in Arms  |       |       |       |       |     4 |     5 ||     9
         Trog's Hand       |       |       |       |       |     3 |     1 ||     4
Ability: Breathe Frost     |       |       |     1 |     2 |       |       ||     3
  Evoke: Wand              |       |       |       |     5 |    12 |     4 ||    21
    Use: Scroll            |       |     6 |     9 |    11 |     8 |     4 ||    38
         Potion            |       |       |       |       |     3 |     1 ||     4
   Stab: Sleeping          |     2 |     1 |     5 |       |     5 |     6 ||    19
         Petrified         |       |       |       |     1 |       |       ||     1
         Distracted        |       |       |       |     1 |     2 |     1 ||     4
 Armour: Skin              |    58 |    69 |   204 |   380 |   480 |   311 ||  1502
  Dodge: Dodged            |    66 |    71 |   249 |   281 |   518 |   235 ||  1420
  Block: Tower shield      |       |       |       |    25 |  1235 |   545 ||  1805
         Reflection        |       |       |       |       |    21 |    16 ||    37

Table legend: (Time is in decaauts)
 A = Elapsed time spent in this place.
 B = Non-inter-level travel time spent in this place.
 C = Inter-level travel time spent in this place.
 D = Time resting spent in this place.
 E = Time spent auto-exploring this place.
 F = Levels seen in this place.
 G = Mean time per level.
                   A        B        C        D        E       F      G
               +--------+--------+--------+--------+--------+-----+--------+
         Total |  29645 |  28135 |   1510 |   5708 |  12382 |  32 |  926.4 |
       Dungeon |  14913 |  14025 |    888 |   1751 |   8341 |  15 |  994.2 |
          Lair |   8022 |   7566 |    456 |   1416 |   2626 |   5 | 1604.4 |
         Swamp |   3945 |   3897 |     48 |   2442 |     54 |   4 |  986.2 |
  Orcish Mines |    522 |    468 |     54 |      5 |    327 |   2 |  261.0 |
        Vaults |   1763 |   1701 |     62 |     18 |   1034 |   4 |  440.8 |
    Desolation |     36 |     36 |      0 |      0 |      0 |   1 |   36.0 |
      Gauntlet |    442 |    442 |      0 |     75 |      0 |   1 |  442.0 |
               +--------+--------+--------+--------+--------+-----+--------+

Top non-repeatable levels by time:
  Lair:5: 2126 daAuts
    D:14: 1844 daAuts
  Lair:1: 1743 daAuts
  Lair:3: 1557 daAuts
     D:9: 1472 daAuts
  Lair:2: 1428 daAuts
Vaults:1: 1372 daAuts
 Swamp:4: 1278 daAuts
 Swamp:3: 1248 daAuts
     D:7: 1240 daAuts
    D:11: 1186 daAuts
  Lair:4: 1166 daAuts
     D:6: 1069 daAuts
 Swamp:2: 1040 daAuts
    D:13: 1037 daAuts
